AoeStats
← [Massa] Edo

Lombardia

507214250Analyzed
2v2 RM · 15d ago on Sep 17, 2026· 18m 11s· 4 players
Game mode
Random Map
Map size
Medium (4 player)
Population
200
Speed
Normal
Resources
Standard
Victory
Conquest
Starting age
Dark Age
Ending age
Imperial Age
RankedLock teamsTeams togetherTeam positionsShared explorationLock speedFull tech treeHidden civsTurbo modeCheats
Victory
Defeat
🇧🇷 Khitans · Brazil
1478
+16
🇧🇷 Vietnamese · Brazil
1448
+17
🇨🇳 Mongols · China
1504
-18
🇳🇿 Slavs · New Zealand
1428
-15
idle villager
6:43 Loom
9:21 Feudal Age
10:44 Double-Bit Axe
11:50 Horse Collar
15:34 Wheelbarrow
17:15 Scale Barding Armor
Mr.Robin
8:02 Loom
9:48 Feudal Age
11:38 Double-Bit Axe
14:12 Castle Age
13:28 Horse Collar
14:51 Scale Barding Armor
[Massa] Edo
6:13 Loom
8:50 Feudal Age
9:20 Double-Bit Axe
12:12 Domestication
14:51 Forging
18:39 Wheelbarrow
tg
6:07 Loom
8:35 Feudal Age
10:17 Double-Bit Axe
10:46 Fletching
15:30 Padded Archer Armor
16:06 Horse Collar
Connection lost

Rejoining the realm…

Still unreachable

The connection could not be restored.

Session expired

The server has moved on; the page needs a fresh start.